 Dungeon Crawl Stone Soup version 0.29-a0-344-ge2f44be95a (webtiles) character file.

Game seed: 16759308381067906592

17308 Flugkiller the Cleaver (level 12, -5/105 HPs)
             Began as a Palentonga Chaos Knight on Apr 22, 2022.
             Was a Plaything of Xom.
             Slain by a 13-headed hydra (9 damage)
             ... on level 3 of the Lair of Beasts.
             The game lasted 00:19:34 (16949 turns).

Flugkiller the Cleaver (Palentonga Chaos Knight)   Turns: 16949, Time: 00:19:34

Health: -5/105     AC: 37    Str: 17 (20) XL:     12   Next: 17%
Magic:  12/12      EV:  2    Int:  7 (14) God:    Xom [..*...]
Gold:   906        SH:  8    Dex:  6 (7)  Spells: 11/11 levels left

rFire   + . .      SeeInvis +   E - +5 broad axe (vorpal)
rCold   + . .      Faith    +   S - +0 kite shield
rNeg    . . .      Spirit   .   N - +1 chain mail {rF+}
rPois   .          Reflect  .   x - +1 hat
rElec   .          Harm     .   v - +1 cloak
rCorr   .          Rampage  .   F - +2 pair of gloves
Will    .....                   l - +1 barding {rC+}
Stlth   ..........              e - amulet of faith
HPRegen 0.27/turn               p - +4 ring of protection
MPRegen 0.13/turn               (no ring)

@: on berserk cooldown, slowed, curled up, very slow
A: large, rugged brown scales 3, see invisible, deformed body, roll 3, armoured
tail, reflexive curl, stinger 2, iridescent scales 1, clumsy 1, deterioration 2,
screaming 1
a: Rolling Charge, Renounce Religion


You were on level 3 of the Lair of Beasts.
You worshipped Xom.
You were a toy of Xom.
You visited 2 branches of the dungeon, and saw 14 of its levels.

You collected 906 gold pieces.

Inventory:

Hand Weapons
 z - a +5 morningstar of protection
   (You took it off a wight on level 5 of the Dungeon)
 E - a +5 vorpal broad axe (weapon)
   (You took it off an orc warrior on level 10 of the Dungeon)
Missiles
 i - 4 throwing nets
 B - 6 silver javelins
 P - 5 curare-tipped darts
Armour
 b - a +2 leather armour
 l - a +1 barding of cold resistance (worn)
   (Xom gifted it to you on level 1 of the Lair of Beasts)
 v - a +1 cloak (worn)
   (You took it off Crazy Yiuf on level 4 of the Dungeon)
 x - a +1 hat (worn)
   (You found it on level 5 of the Dungeon)
 F - a +2 pair of gloves (worn)
   (You found it on level 6 of the Dungeon)
 H - a +0 plate armour
   (You took it off an orc warrior on level 6 of the Dungeon)
 N - a +1 chain mail of fire resistance (worn)
   (You took it off an orc on level 7 of the Dungeon)
 S - a +0 kite shield (worn)
   (You took it off a gnoll sergeant on level 8 of the Dungeon)
Jewellery
 e - an amulet of faith (around neck)
   (You found it on level 5 of the Dungeon)
 p - a +4 ring of protection (left hand)
   (You found it on level 7 of the Dungeon)
 s - a +6 ring of intelligence
   (You found it on level 4 of the Dungeon)
Wands
 a - a wand of acid (7)
   (You found it on level 8 of the Dungeon)
 f - a wand of mindburst (7)
   (You found it on level 11 of the Dungeon)
 o - a wand of paralysis (3)
   (You found it on level 9 of the Dungeon)
 A - a wand of flame (38)
   (You found it on level 6 of the Dungeon)
 J - a wand of charming (12)
   (You found it on level 7 of the Dungeon)
 K - a wand of digging (4)
   (You found it on level 8 of the Dungeon)
 L - a wand of polymorph (6)
   (You found it on level 4 of the Dungeon)
Scrolls
 g - 2 scrolls of magic mapping
 h - a scroll of amnesia
 t - 2 scrolls of teleportation
 u - a scroll of holy word
 y - a scroll of acquirement
 M - a scroll of fog
Potions
 d - 2 potions of might
 j - 2 potions of magic
 k - 2 potions of mutation
 m - 2 potions of cancellation
 n - a potion of attraction {unknown}
 q - a potion of curing
 w - a potion of brilliance {unknown}
 C - 2 potions of haste
 D - 3 potions of ambrosia {unknown}
Miscellaneous
 c - a piece from Xom's chessboard (15/15) (quivered)


   Skills:
 - Level 10.7 Fighting
 + Level 10.9 Axes
 - Level 8.7 Armour
 - Level 0.7 Dodging
 + Level 7.1 Shields
 - Level 4.0 Evocations


You had 11 spell levels left.
You didn't know any spells.
Your spell library contained the following spells:

 Spells                   Type           Power      Damage    Failure   Level
 Sandblast                Erth           0%         2d4       100%        1
 Shock                    Conj/Air       0%         1d3       100%        1
 Summon Small Mammal      Summ           0%         N/A       100%        1
 Passwall                 Tmut/Erth      0%         N/A       100%        2
 Conjure Flame            Conj/Fire      0%         6-21      100%        3
 Ignite Poison            Fire/Tmut/Pois 0%         N/A       100%        3
 Stone Arrow              Conj/Erth      0%         3d7       100%        3
 Swiftness                Air            0%         N/A       100%        3
 Airstrike                Air            0%         N/A       100%        4
 Leda's Liquefaction      Hex/Erth       0%         N/A       100%        4
 Sticky Flame             Conj/Fire      0%         2d3       100%        4
 Lee's Rapid Deconstruct  Erth           0%         3d5*      100%        5
 Summon Forest            Summ/Tloc      0%         N/A       100%        5
 Conjure Ball Lightning   Conj/Air       0%         3x3d6     100%        6
 Eringya's Noxious Bog    Tmut/Pois      0%         N/A       100%        6
 Statue Form              Tmut/Erth      0%         N/A       100%        6
 Summon Hydra             Summ           0%         N/A       100%        7
 Discord                  Hex            0%         N/A       100%        8
 Disjunction              Tloc           0%         N/A       100%        8


Dungeon Overview and Level Annotations

Branches:
Dungeon (11/15)            Temple (0/1) D:4            Lair (2/6) D:10
 Shoals (0/4) Lair:3          Orc (0/2) D:10
  Snake: Lair:2-4    Spider: Lair:2-4

Altars:
Ashenzari
Cheibriados
Dithmenos
Fedhas
Gozag
Kikubaaqudgha
Makhleb
Sif Muna
Vehumet
Xom
Yredelemnul
Zin

Annotations:
D:10 2 runed translucent doors, exclusion: orange crystal statue
Lair:2 Harold


Innate Abilities, Weirdness & Mutations

You are completely covered in rugged brown scales. (AC +3, +7% HP)
You have supernaturally acute eyesight. (SInv)
Armour fits poorly on your strangely shaped body.
You can roll a great distance at foes to attack.
You have a long armoured tail.
You curl defensively after being hit. (AC +7*)
Your tail ends in a sharp venomous barb.
You are partially covered in iridescent scales. (AC +2)
You are clumsy. (Dex -2)
Your body often deteriorates upon taking damage.
You occasionally shout uncontrollably at your foes.


Message History

You miss the wolf. You barely miss the wolf. You closely miss the wolf.
You barely miss the yak.
The wolf bites you but does no damage. x2
You block the wolf's attack. The yak gores you but does no damage.
The wolf bites you but does no damage. The yak completely misses you.
You barely miss the yak. You tail-slap the yak!
You kill the yak!
You closely miss the wolf. You slash the black bear! You miss the wolf. x2
You slash the yak! The wolf bites you but does no damage.
The wolf splashes around in the water.
The wolf bites you!
The black bear bites you but does no damage.
You block the black bear's attack.
The black bear claws you but does no damage.
The yak gores you but does no damage.
The wolf splashes around in the water.
You slice the rime drake!!
The rime drake is almost dead.
You closely miss the wolf. You hit the wolf. You hit the yak.
You barely miss the yak. You barely miss the eight-headed hydra.
You closely miss the black bear. The wolf barely misses you.
The wolf splashes around in the water.
You block the rime drake's attack. The yak gores you but does no damage.
You block the black bear's attack.
The black bear claws you but does no damage. x2
You block the yak's attack.
You slice the rime drake!!
You kill the rime drake!
You slice the wolf!! You slash the wolf! You slash the yak!
You kill the yak!
You slash the yak!
You hack one of the eight-headed hydra's heads off!
The seven-headed hydra grows two more!
You slash the nine-headed hydra! You slash the black bear!
You kill the black bear!
The wolf bites you but does no damage. x2; You block the wolf's attack.
The nine-headed hydra bites you!
* * * LOW HITPOINT WARNING * * *
The nine-headed hydra bites you but does no damage.
The nine-headed hydra bites you!
* * * LOW HITPOINT WARNING * * *
The nine-headed hydra bites you but does no damage. x4
The nine-headed hydra bites you.
* * * LOW HITPOINT WARNING * * *
The nine-headed hydra bites you.
* * * LOW HITPOINT WARNING * * *
The wolf bites you but does no damage. The yak gores you but does no damage.
The wolf splashes around in the water.
Your Shields skill increases to level 7!
The wolf bites you but does no damage.
Unknown command.
You hack one of the nine-headed hydra's heads off!
The eight-headed hydra grows two more!
You slash the ten-headed hydra!
The ten-headed hydra is moderately wounded.
You closely miss the wolf. You barely miss the wolf. You slash the wolf!
You kill the wolf!
The wolf barely misses you. The wolf bites you but does no damage.
You block the wolf's attack.
You chop one of the ten-headed hydra's heads off!
The nine-headed hydra grows two more!
You slice the 11-headed hydra!!
The 11-headed hydra is moderately wounded.
You barely miss the wolf. You hit the wolf.
You kill the wolf!
You slice the yak!!
The 11-headed hydra bites you but does no damage.
The 11-headed hydra bites you.
* * * LOW HITPOINT WARNING * * *
The 11-headed hydra bites you.
* * * LOW HITPOINT WARNING * * *
The 11-headed hydra bites you but does no damage.
You block the 11-headed hydra's attack.
The 11-headed hydra bites you but does no damage. x3
You block the 11-headed hydra's attack.
The 11-headed hydra bites you but does no damage. x2
The wolf bites you but does no damage. The yak gores you.
* * * LOW HITPOINT WARNING * * *
You hack one of the 11-headed hydra's heads off!
The ten-headed hydra grows two more!
You slash the 12-headed hydra!
The 12-headed hydra is moderately wounded.
You slash the wolf!
You kill the wolf!
You barely miss the yak. You slash the yak!
The 12-headed hydra bites you but does no damage. x2
You block the 12-headed hydra's attack. x2; The 12-headed hydra bites you!
* * * LOW HITPOINT WARNING * * *
The 12-headed hydra bites you but does no damage. x2
The 12-headed hydra bites you.
* * * LOW HITPOINT WARNING * * *
The 12-headed hydra bites you but does no damage. x3
The 12-headed hydra completely misses you.
You feel your dexterity returning.
You barely miss the yak.
You lop one of the 12-headed hydra's heads off!
The 11-headed hydra grows two more!
You slash the 13-headed hydra! You slash the yak!
You kill the yak!
You slash the yak! x2
You are no longer berserk.
You are exhausted.
You feel yourself slow down.
The 13-headed hydra bites you but does no damage.
The 13-headed hydra bites you!
You die...
Xom titters!

###♣≈≈≈≈≈≈≈≈≈≈≈♣♣
.#[..≈≈≈≈≈≈≈≈≈≈≈.♣##
.....P≈≈≈≈≈≈≈≈≈≈....
.....≈≈≈≈≈≈≈≈≈≈≈..#
#.≈P≈≈≈≈≈≈≈≈≈..#
#.≈≈≈≈≈≈≈≈≈≈≈..#
.....≈≈≈...†YS≈≈..##
P.##.......†YY.....#
#.....=...Y@...###
#[...#.P#.D†...#
##...#####....#.#
..## ..##...# ##.
.... ...# .....
....# ...#.. #....
...### .##.


You could see a 13-headed hydra, 4 yaks and an electric eel.

Vanquished Creatures
  A great orb of eyes (D:11)
  A death yak (Lair:2)
  Erica (Lair:2)
  Pikel (D:7)
  3 black mambas
  2 rime drakes (Lair:3)
  3 cane toads
  A komodo dragon (Lair:2)
  A polar bear (Lair:1)
  2 hornets
  A blink frog (Lair:2)
  A wyvern (D:8)
  Eustachio (D:4)
  2 basilisks
  A wraith (D:10)
  19 yaks
  2 steam dragons (D:10)
  4 vampire mosquitoes (D:10)
  Menkaure (D:4)
  11 water moccasins
  5 orc warriors
  An ice beast (D:5)
  A sky beast (D:7)
  5 black bears
  2 ogres
  14 wolves
  2 centaurs
  A tengu (D:6)
  A lemure (D:7)
  9 bullfrogs
  2 kobold brigands (D:8)
  3 gnoll sergeants
  A necrophage (D:7)
  2 scorpions
  19 wights
  4 killer bees (D:10)
  An electric eel (D:8)
  3 howler monkeys
  2 hounds
  Crazy Yiuf (D:4)
  A gnoll shaman (D:7)
  2 jellies
  5 orc priests
  4 iguanas
  10 orc wizards
  16 gnolls
  8 adders
  2 worms
  A dart slug (D:4)
  47 orcs
  10 ball pythons
  5 bats
  5 endoplasms
  8 goblins
  7 hobgoblins
  3 jackals (D:2)
  4 quokkas
  7 frilled lizards
  20 kobolds
  6 rats
309 creatures vanquished.

Vanquished Creatures (collateral kills)
  A yak (Lair:2)
  A wight (D:7)
  An iguana (D:6)
  A gnoll (D:8)
  An orc (D:6)
5 creatures vanquished.

Vanquished Creatures (others)
  A dancing weapon (Lair:2)
  61 fungi
  89 plants
151 creatures vanquished.

Grand Total: 465 creatures vanquished

Notes
Turn   | Place    | Note
-------+----------+-------------------------------------------
     0 | D:1      | Flugkiller the Palentonga Chaos Knight began the quest for
                  | the Orb.
     0 | D:1      | Reached XP level 1. HP: 19/19 MP: 1/1
    13 | D:1      | XOM: divination: magic mapping
    38 | D:1      | XOM: divination: detect creatures
   109 | D:1      | XOM: divination: detect items
   201 | D:1      | Reached XP level 2. HP: 22/25 MP: 2/2
   321 | D:1      | XOM: give mutations
   321 | D:1      | Gained mutation: Your tail ends in a venomous barb. [Xom's
                  | grace]
   321 | D:1      | Gained mutation: You are somewhat resistant to further
                  | mutation. [Xom's grace]
   706 | D:2      | Found a faded altar of an unknown god.
   869 | D:2      | Reached XP level 3. HP: 31/31 MP: 3/3
   903 | D:2      | XOM: give mutations
   903 | D:2      | Gained mutation: Your spells are a little harder to cast,
                  | but a little more powerful. [Xom's grace]
   903 | D:2      | Lost mutation: You are somewhat resistant to further
                  | mutation. [Xom's grace]
   903 | D:2      | Gained mutation: You have hidden genetic potential. [Xom's
                  | grace]
   903 | D:2      | Gained mutation: You have sharp toenails. [Xom's grace]
  1383 | D:2      | XOM: give mutations
  1383 | D:2      | Gained mutation: You can roll at foes to attack. [Xom's
                  | grace]
  1383 | D:2      | Lost mutation: You have sharp toenails. [Xom's grace]
  1383 | D:2      | Gained mutation: You have large cloven feet. [Xom's grace]
  1688 | D:3      | Reached XP level 4. HP: 34/39 MP: 4/4
  1689 | D:3      | Gained mutation: You expend magic power (3 MP) to
                  | strengthen your wands. [hidden potential]
  2126 | D:3      | XOM: divination: magic mapping
  2191 | D:3      | XOM: give mutations
  2191 | D:3      | Lost mutation: You have large cloven feet. [Xom's mischief]
  2191 | D:3      | Gained mutation: Your body sometimes deteriorates upon
                  | taking damage. [Xom's mischief]
  2413 | D:4      | XOM: scenery: summon butterflies
  2482 | D:4      | XOM: give mutations
  2482 | D:4      | Gained mutation: You are weak. (Str -2) [Xom's mischief]
  2482 | D:4      | Gained mutation: Your body often deteriorates upon taking
                  | damage. [Xom's mischief]
  2482 | D:4      | Lost mutation: Your body often deteriorates upon taking
                  | damage. [Xom's mischief]
  2482 | D:4      | Gained mutation: Your body often deteriorates upon taking
                  | damage. [Xom's mischief]
  2699 | D:4      | Noticed Menkaure
  2706 | D:4      | XOM: summons 4 hostile shadow creatures
  2707 | D:4      | XOM: enchant monster (bad)
  2709 | D:4      | XOM: enchant monster (bad)
  2709 | D:4      | Killed Menkaure
  2710 | D:4      | Reached skill level 5 in Fighting
  2710 | D:4      | Reached XP level 5. HP: 30/47 MP: 5/5
  2726 | D:4      | Gained mutation: You are partially covered in iridescent
                  | scales. (AC +2) [hidden potential]
  2726 | D:4      | Lost mutation: You have hidden genetic potential. [hidden
                  | potential expressed]
  2880 | D:3      | XOM: summons 3 hostile demons
  2881 | D:3      | Noticed a ynoxinul
  3146 | D:4      | Noticed a centaur
  3158 | D:4      | Killed a centaur
  3159 | D:4      | Reached XP level 6. HP: 19/54 MP: 6/6
  3394 | D:4      | Noticed Eustachio
  3399 | D:4      | XOM: swap monsters
  3408 | D:4      | XOM: smoke on damage
  3441 | D:4      | Killed Eustachio
  3442 | D:4      | Gained mutation: You curl defensively after being hit. (AC
                  | +7*) [Palentonga growth]
  3442 | D:4      | Reached XP level 7. HP: 24/62 MP: 7/7
  3517 | D:4      | XOM: 2-stop teleportation journey
  3658 | D:4      | Found a staircase to the Ecumenical Temple.
  3728 | D:4      | Found an opulent altar of Gozag.
  3753 | D:4      | XOM: give mutations
  3753 | D:4      | Lost mutation: You expend magic power (3 MP) to strengthen
                  | your wands. [Xom's mischief]
  3753 | D:4      | Gained mutation: You are dopey. (Int -2) [Xom's mischief]
  3753 | D:4      | Lost mutation: You can roll at foes to attack. [Xom's
                  | mischief]
  3786 | D:4      | Found a runed translucent door.
  3787 | D:4      | Noticed Crazy Yiuf
  3877 | D:4      | XOM: give mutations
  3877 | D:4      | Lost mutation: You are weak. (Str -2) [Xom's grace]
  3877 | D:4      | Gained mutation: You can roll at foes to attack. [Xom's
                  | grace]
  3877 | D:4      | Lost mutation: You are dopey. (Int -2) [Xom's grace]
  4085 | D:4      | Killed Crazy Yiuf
  4337 | D:5      | Entered Level 5 of the Dungeon
  4347 | D:5      | Reached skill level 5 in Armour
  4388 | D:5      | XOM: 2-stop teleportation journey
  4797 | D:5      | XOM: summons 4 friendly demons
  4801 | D:5      | Reached XP level 8. HP: 57/71 MP: 8/8
  4915 | D:5      | XOM: 3-stop teleportation journey
  4953 | D:5      | XOM: god gift: 6 silver javelins
  4972 | D:5      | XOM: cleaving
  4973 | D:5      | XOM: divination: detect creatures
  4976 | D:5      | XOM: enchant monster (good)
  4992 | D:5      | XOM: potion effect (invisibility)
  5233 | D:5      | XOM: god gift: book of Air
  5728 | D:6      | XOM: polymorph scorpion -> tengu
  5734 | D:6      | Reached skill level 1 in Evocations
  5796 | D:6      | Noticed Edmund
  5797 | D:6      | Noticed Edmund
  5797 | D:6      | Edmund changed into Edmund the ogre
  5797 | D:6      | XOM: polymorph Edmund -> Edmund the ogre
  5803 | D:6      | Killed Edmund the ogre
  5809 | D:6      | Noticed Blork the orc
  5815 | D:6      | XOM: potion effect (haste)
  5818 | D:6      | Noticed Blork
  5818 | D:6      | Blork the orc changed into Blork the jelly
  5818 | D:6      | XOM: polymorph Blork the orc -> Blork the jelly
  5874 | D:6      | XOM: summons 2 friendly demons
  5876 | D:6      | Killed Blork the jelly
  5882 | D:6      | XOM: enchant monster (good)
  6125 | D:6      | XOM: confuse monster(s)
  6143 | D:6      | XOM: summons 1 hostile demon
  6256 | D:6      | Found a broken altar of Ashenzari.
  6575 | D:7      | XOM: enchant monster (good)
  6577 | D:7      | Reached XP level 9. HP: 77/78 MP: 9/9
  6919 | D:7      | XOM: cast spell 'Disjunction'
  6922 | D:7      | Noticed Pikel
  6923 | D:7      | XOM: potion effect (haste)
  6926 | D:7      | XOM: potion effect (haste)
  6944 | D:7      | XOM: potion effect (might)
  6952 | D:7      | Killed Pikel
  7261 | D:7      | XOM: noise
  7319 | D:7      | XOM: blink monster(s)
  7934 | D:8      | XOM: divination: detect items
  8298 | D:8      | Identified the +0 leather armour "Asuaf" {rC- Dex+8 Slay+2}
  8308 | D:8      | XOM: confusion
  8319 | D:8      | Reached skill level 10 in Fighting
  8698 | D:8      | XOM: 6-stop teleportation journey
  8729 | D:8      | XOM: cast spell 'Summon Dragon'
  8750 | D:8      | XOM: 6-stop teleportation journey
  8917 | D:8      | XOM: summons 5 hostile demons
  8918 | D:8      | Noticed an ice devil
  9171 | D:8      | XOM: enchant monster (bad)
  9180 | D:8      | Reached XP level 10. HP: 35/90 MP: 10/10
  9407 | D:8      | Found a basalt altar of Yredelemnul.
  9414 | D:8      | Found a burning altar of Makhleb.
  9419 | D:8      | Found a snail-covered altar of Cheibriados.
  9430 | D:8      | Found a blossoming altar of Fedhas.
  9437 | D:8      | Found a glowing silver altar of Zin.
  9443 | D:8      | Found a shadowy altar of Dithmenos.
  9451 | D:8      | Found a shimmering altar of Xom.
  9545 | D:8      | XOM: noise
  9710 | D:8      | XOM: cast spell 'Olgreb's Toxic Radiance'
  9711 | D:8      | XOM: divination: magic mapping
  9717 | D:8      | Reached skill level 1 in Shields
  9900 | D:9      | Found a radiant altar of Vehumet.
  9909 | D:9      | Found an ancient bone altar of Kikubaaqudgha.
  9922 | D:9      | Found a shimmering blue altar of Sif Muna.
  9933 | D:9      | Got Sif Muna's Disquisition on Companions
  9984 | D:9      | XOM: scenery: create altars
  9992 | D:9      | XOM: summons 6 hostile demons
  9993 | D:9      | Noticed a soul eater
  9993 | D:9      | Noticed a rust devil
  9993 | D:9      | XOM: enchant monster (bad)
 10047 | D:9      | XOM: 1-stop teleportation journey
 10509 | D:9      | XOM: stat loss: -1 Dex (5/9)
 10661 | D:9      | XOM: stat loss: -1 Int (12/13)
 10710 | D:10     | XOM: stealth player
 10710 | D:10     | Entered Level 10 of the Dungeon
 10730 | D:9      | XOM: repel stairs
 10863 | D:9      | XOM: noise
 11013 | D:10     | Found a staircase to the Orcish Mines.
 11014 | D:10     | XOM: 1-stop teleportation journey
 11019 | D:10     | Found a runed translucent door.
 11021 | D:10     | Found the +10 tower shield of Ignorance {rN+ Int-4}
 11021 | D:10     | XOM: noise
 11029 | D:10     | XOM: cleaving
 11035 | D:10     | XOM: cleaving
 11044 | D:10     | XOM: noise
 11091 | D:10     | Found a runed translucent door.
 11166 | D:10     | Reached skill level 5 in Axes
 11331 | D:10     | XOM: silly message
 11468 | D:10     | XOM: scenery: 1 doors open, 1 doors close
 11496 | D:10     | XOM: polymorph killer bee -> steam dragon
 11497 | D:10     | XOM: silly message
 11498 | D:10     | XOM: summons 3 friendly demons
 11860 | D:10     | XOM: 4-stop teleportation journey
 11909 | D:10     | Found a staircase to the Lair.
 11981 | D:10     | XOM: summons 6 hostile demons
 11989 | D:10     | XOM: torment (47/92 hp)
 12002 | D:10     | XOM: torment (24/92 hp)
 12044 | D:10     | XOM: summons 6 hostile demons
 12046 | D:10     | this is all that xom is nowadays. teleport and summon
                  | monsters
 12163 | D:10     | XOM: 1-stop teleportation journey
 12638 | D:10     | Noticed an orange crystal statue
 12799 | D:10     | XOM: chaos upgrade
 12806 | D:10     | XOM: draining
 13013 | D:11     | XOM: confuse monster(s)
 13086 | D:11     | Noticed a boulder beetle
 13086 | D:11     | XOM: 2-stop teleportation journey
 13107 | D:11     | Noticed a great orb of eyes
 13107 | D:11     | a boulder beetle changed into a great orb of eyes
 13107 | D:11     | XOM: polymorph boulder beetle -> great orb of eyes
 13110 | D:11     | Paralysed by a great orb of eyes for 6 turns
 13116 | D:11     | oh yeah I guess xom polymorphs too actually
 13120 | D:11     | Killed a great orb of eyes
 13121 | D:11     | Reached XP level 11. HP: 32/88 MP: 11/11
 13193 | D:11     | XOM: give mutations
 13193 | D:11     | Gained mutation: Your tail ends in a sharp venomous barb.
                  | [Xom's grace]
 13193 | D:11     | Gained mutation: You expend magic power (3 MP) to
                  | strengthen your wands. [Xom's grace]
 13221 | D:11     | Identified the +11 dagger of Purpose {venom, rC+ Stlth+}
 13286 | D:11     | XOM: summons 4 hostile demons
 13525 | D:11     | Noticed a two-headed ogre
 13525 | D:11     | Noticed a two-headed ogre
 13526 | D:11     | Noticed an ogre mage
 13528 | D:11     | XOM: noise
 13590 | Lair:1   | Entered Level 1 of the Lair of Beasts
 13606 | Lair:1   | XOM: confuse monster(s)
 13718 | Lair:1   | XOM: snakes to sticks
 13724 | Lair:1   | XOM: summons 1 hostile shadow creature
 13768 | Lair:1   | XOM: summons friendly shadow imp
 13770 | Lair:1   | XOM: confusion
 13773 | Lair:1   | XOM: give mutations
 13773 | Lair:1   | Gained mutation: You are dopey. (Int -2) [Xom's mischief]
 13773 | Lair:1   | Lost mutation: Your spells are a little harder to cast, but
                  | a little more powerful. [Xom's mischief]
 13773 | Lair:1   | Lost mutation: Your body often deteriorates upon taking
                  | damage. [Xom's mischief]
 13773 | Lair:1   | Gained mutation: Your body often deteriorates upon taking
                  | damage. [Xom's mischief]
 14023 | Lair:1   | XOM: noise
 14032 | Lair:1   | XOM: confusion (+ monsters)
 14054 | Lair:1   | XOM: 6-stop teleportation journey
 14131 | Lair:1   | XOM: god gift: +1 barding of cold resistance
 14637 | Lair:2   | XOM: confusion
 14834 | Lair:2   | XOM: fog
 14924 | Lair:2   | XOM: scenery: summon butterflies
 14935 | Lair:2   | Identified a scroll of acquirement
 15081 | Lair:2   | XOM: confuse monster(s)
 15085 | Lair:2   | Reached skill level 5 in Shields
 15087 | Lair:2   | XOM: destruction
 15088 | Lair:2   | Noticed Harold
 15090 | Lair:2   | Noticed Sonja
 15094 | Lair:2   | XOM: cleaving
 15193 | Lair:2   | Noticed Harold
 15193 | Lair:2   | Harold changed into Harold the glowing orange brain
 15193 | Lair:2   | XOM: polymorph Harold -> Harold the glowing orange brain
 15199 | Lair:2   | XOM: summons 2 friendly demons
 15218 | Lair:2   | XOM: cast spell 'Summon Hydra'
 15390 | Lair:1   | XOM: silly message
 15399 | Lair:2   | Noticed an eight-headed hydra
 15399 | Lair:2   | XOM: divination: detect creatures
 15400 | Lair:2   | Noticed a death yak
 15400 | Lair:2   | XOM: divination: magic mapping
 15401 | Lair:2   | XOM: potion effect (haste)
 15405 | Lair:2   | XOM: silly message
 15656 | Lair:1   | XOM: give mutations
 15656 | Lair:1   | Gained mutation: You are clumsy. (Dex -2) [Xom's mischief]
 15656 | Lair:1   | Lost mutation: You expend magic power (3 MP) to strengthen
                  | your wands. [Xom's mischief]
 15656 | Lair:1   | Lost mutation: You are dopey. (Int -2) [Xom's mischief]
 15692 | Lair:2   | Noticed Erica
 15693 | Lair:2   | XOM: silly message
 15707 | Lair:2   | Killed Erica
 15713 | Lair:1   | XOM: give mutation
 15713 | Lair:1   | Lost mutation: Your body often deteriorates upon taking
                  | damage. [Xom's mischief]
 16189 | Lair:2   | XOM: god gift: 12 stones
 16202 | Lair:2   | Killed a death yak
 16336 | Lair:2   | XOM: smoke on damage
 16337 | Lair:2   | Reached skill level 10 in Axes
 16379 | Lair:1   | XOM: give mutations
 16379 | Lair:1   | Gained mutation: You occasionally shout uncontrollably at
                  | your foes. [Xom's mischief]
 16379 | Lair:1   | Gained mutation: You can roll a great distance at foes to
                  | attack. [Xom's mischief]
 16379 | Lair:1   | Gained mutation: Your body often deteriorates upon taking
                  | damage. [Xom's mischief]
 16558 | Lair:1   | XOM: summons 1 hostile demon
 16606 | Lair:2   | Noticed Sonja
 16606 | Lair:2   | Sonja changed into Sonja the hornet
 16610 | Lair:2   | XOM: confuse monster(s)
 16614 | Lair:2   | Killed Sonja the hornet
 16626 | Lair:2   | XOM: 4-stop teleportation journey
 16631 | Lair:2   | You fall into a shaft and drop 1 floor!
 16637 | Lair:3   | XOM: silly message
 16646 | Lair:3   | XOM: silly message
 16650 | Lair:3   | XOM: noise
 16783 | Lair:3   | XOM: enchant monster (bad)
 16821 | Lair:3   | Reached XP level 12. HP: 45/105 MP: 12/12
 16932 | Lair:3   | Noticed an eight-headed hydra
 16932 | Lair:3   | XOM: 3-stop teleportation journey
 16934 | Lair:3   | Found a staircase to the Shoals.
 16934 | Lair:3   | XOM: 1-stop teleportation journey
 16935 | Lair:3   | XOM: swap monsters
 16938 | Lair:3   | XOM: enchant monster (good)
 16948 | Lair:3   | HP: 6/157 [12-headed hydra (6)]
 16949 | Lair:3   | Slain by a 13-headed hydra

Illustrated notes

......#
#.........#####.......#
.P..### #......####
#.......# ....P#
#####.## .....#####
P.§..## #.# ..#####
.D§...### #.# ..
....PD..# #5# .
.P..§§#§### #.#
..P.P.#...#####5#####
P.....###.....55@5..+
......# #######5#####
.....## #.# ...P.# ##.#
...### #..# ...## #.##
##..# #.# ###.## #.#
.....### ####.##


Turn 12046 on D:10: this is all that xom is nowadays. teleport and summon
monsters #..# .. #..# ###.# ### .... #..... #.? .... #..... #.# ....
#..[..######(# # #.#.# .............# .# .....$.#####.##.# #.....G@(.......###.
#......#####.§≈≈§≈.. #...... #.≈###≈#. ######. #.≈# #. #$§# #. ..≈§ #. .#.## ..
#. .# .. .. Turn 13116 on D:11: oh yeah I guess xom polymorphs too actually

Levels and vault maps discovered:
D:1:      pf_arrival_petrified_forest, layout_loops_cross
D:2:      layout_loops_corners, shapermc_ecumenical_altar_starsandcircs,
          item_on_display_a
D:3:      layout_loops_corners
D:4:      layout_basic, mainiacjoe_overflow_brackets,
          minmay_temple_entry_junction, feat_on_display,
          uniq_crazy_yiuf_cottage, uniq_menkaure, uniq_eustachio
D:5:      layout_loops_ring
D:6:      layout_cave_pools, mainiacjoe_overflow_surrounded_room,
          uniq_blork_the_orc, uniq_edmund
D:7:      layout_layer_cave, uniq_pikel
D:8:      layout_basic, grunt_temple_overflow_octagram, fungi_pond_lemuel,
          lemuel_flame_loot_1
D:9:      layout_rooms, palyth_temple_overflow_mages
D:10:     layout_roguey, due_lair_maze_entry_diamond, hiddenorc1_lemuel,
          nrook_mini_vaults, chequers_guarded_unrand_ignorance
D:11:     layout_loops_ring, serial_shops, kennysheep_mini_moat, special_room
          [special_room_orc]
Lair:1:   layout_regular_city
Lair:2:   nzn_winding_woodlands_stair_cross
          [nzn_winding_woodlands_5x15_longhouse,
          nzn_winding_woodlands_center_triple_pond,
          nzn_winding_woodlands_5x15_jagged,
          nzn_winding_woodlands_5x5_checkerboard,
          nzn_winding_woodlands_5x5_closed_star,
          nzn_winding_woodlands_5x15_garden,
          nzn_winding_woodlands_center_pierced_h,
          nzn_winding_woodlands_5x15_zeroes], layout_regular_city,
          grunt_forest_large_clearing_hut, uniq_harold, uniq_sonja, uniq_erica
Lair:3:   layout_concentric_octagons, elwin_shoals_entry_rooms,
          dreamdust_mushroom_princess, grunt_megastairs_1, serial_bayou_shore_a

Skill      XL: |  1  2  3  4  5  6  7  8  9 10 11 12 |
---------------+-------------------------------------+-----
Armour         | 2 3 4 5 6 8 |  8.7
Fighting       | 4 5 6 7 8 10 | 10.7
Evocations     | 4 |  4.0
Shields        | 3 6 7 |  7.1
Axes           | 7 10 | 10.9
Dodging        | |  0.7

Action                   |  1- 3 |  4- 6 |  7- 9 | 10-12 || total
-------------------------+-------+-------+-------+-------++-------
Melee: Hand axe          |   105 |    98 |    22 |       ||   225
       Tailslap          |     7 |    14 |    45 |    73 ||   139
       Kick              |     9 |     9 |       |       ||    18
       Quarterstaff      |       |       |    85 |       ||    85
       Morningstar       |       |       |   257 |   274 ||   531
       Punch             |       |       |     6 |       ||     6
       Broad axe         |       |       |       |   289 ||   289
 Abil: Rolling Charge    |       |     3 |    12 |     6 ||    21
Evoke: Piece from Xom's  |       |     3 |       |     4 ||     7
       Wand              |       |       |     1 |    14 ||    15
  Use: Potion            |       |     2 |     2 |    12 ||    16
       Scroll            |       |       |    15 |    20 ||    35
 Stab: Confused          |       |     3 |     2 |     2 ||     7
       Paralysed         |       |       |       |     8 ||     8
Armor: Leather armour    |    59 |    69 |   196 |       ||   324
       Skin              |       |       |    10 |    24 ||    34
       Chain mail        |       |       |   116 |   739 ||   855
Dodge: Dodged            |    62 |    65 |   205 |   147 ||   479
Block: Kite shield       |       |       |     4 |   289 ||   293

Table legend: (Time is in decaauts)
 A = Elapsed time spent in this place.
 B = Non-inter-level travel time spent in this place.
 C = Inter-level travel time spent in this place.
 D = Time resting spent in this place.
 E = Time spent auto-exploring this place.
 F = Levels seen in this place.
 G = Mean time per level.
                   A        B        C        D        E       F      G
               +--------+--------+--------+--------+--------+-----+--------+
         Total |  17324 |  16914 |    410 |   6783 |   6863 |  14 | 1237.4 |
       Dungeon |  13892 |  13583 |    309 |   5119 |   5853 |  11 | 1262.9 |
          Lair |   3431 |   3330 |    101 |   1664 |   1010 |   3 | 1143.7 |
               +--------+--------+--------+--------+--------+-----+--------+

Top non-repeatable levels by time:
    D:10: 2203 daAuts
  Lair:1: 2032 daAuts
     D:4: 1917 daAuts
     D:8: 1783 daAuts
     D:5: 1389 daAuts
     D:7: 1229 daAuts
     D:9: 1180 daAuts
     D:3: 1176 daAuts
  Lair:2: 1072 daAuts
     D:6: 953 daAuts
     D:2: 823 daAuts
     D:1: 669 daAuts
    D:11: 565 daAuts
  Lair:3: 325 daAuts
